 Dungeon Crawl Stone Soup version 0.22-a0-305-gd21a89c (webtiles) character file.

5375 xccam the Carver (level 10, -11/76 HPs)
             Began as a Formicid Fighter on Mar 30, 2018.
             Was an Elder of Cheibriados.
             Mangled by a two-headed ogre
             ... wielding a +0 giant club
              (21 damage)
             ... on level 9 of the Dungeon.
             The game lasted 00:19:02 (8779 turns).

xccam the Carver (Formicid Fighter)                 Turns: 8779, Time: 00:19:03

Health: -11/76     AC: 21    Str: 32    XL:     10   Next: 97%
Magic:  10/10      EV: 16    Int: 19    God:    Cheibriados [****..]
Gold:   513        SH: 14    Dex: 26    Spells: 9/9 levels left

rFire    + . .     SeeInvis +   F - +0 scimitar
rCold    . . .     Gourm    .   c - +0 shield
rNeg     . . .     Faith    .   i - +0 plate armour
rPois    .         Spirit   .   (helmet unavailable)
rElec    .         Reflect  .   (no cloak)
rCorr    .         Harm     .   s - +0 pair of gloves
MR       +....                  k - +1 pair of boots
Stlth    ..........             (no amulet)
HPRegen  0.22/turn              x - +3 ring of protection
MPRegen  0.12/turn              r - ring of protection from fire

@: agile, very slow
A: permanent stasis, dig shafts and tunnels, four strong arms, antennae 3
a: Dig, Shaft Self, Bend Time, Temporal Distortion, Slouch, Renounce Religion


You were on level 9 of the Dungeon.
You worshipped Cheibriados.
Cheibriados was greatly pleased with you.
You were hungry.

You visited 2 branches of the dungeon, and saw 11 of its levels.
You also visited: Sewer and Ossuary.

You collected 513 gold pieces.

Inventory:

Hand Weapons
 F - a +0 scimitar (weapon)
Armour
 b - a +0 scale mail
 c - a +0 shield (worn)
 i - a +0 plate armour (worn)
 k - a +1 pair of boots (worn)
 s - a +0 pair of gloves (worn)
Jewellery
 j - an uncursed ring of positive energy {unknown}
 r - a ring of protection from fire (right hand)
 x - a +3 ring of protection (left hand)
 A - an uncursed ring of flight
Wands
 p - a wand of paralysis (29)
 C - a wand of flame (28)
Scrolls
 n - a scroll of identify
 o - 4 scrolls of fear
 t - a scroll of enchant armour
 w - 2 scrolls of remove curse
 y - a scroll of magic mapping
 B - a scroll of amnesia
Potions
 a - a potion of resistance {unknown}
 d - 2 potions of brilliance
 e - a potion of curing
 g - 2 potions of haste
 h - 3 potions of degeneration {unknown}
 l - 4 potions of flight
 m - 6 potions of heal wounds {unknown}
 q - 2 potions of cancellation
 u - 3 potions of agility
 D - a potion of invisibility {unknown}
Comestibles
 f - 12 rations


   Skills:
 + Level 5.7 Fighting
 * Level 10.0 Long Blades
 + Level 9.2 Armour
 + Level 3.6 Dodging
 - Level 9.0 Shields


You had 9 spell levels left.
You didn't know any spells.

Dungeon Overview and Level Annotations

Branches:
Dungeon (10/15)            Temple (1/1) D:5            Lair (0/6) D:10
    Orc: D:9-12

Altars:
Ashenzari
Cheibriados
Dithmenos
Elyvilon
Fedhas
Gozag
Hepliaklqana
Kikubaaqudgha
Makhleb
Nemelex Xobeh
Okawaru
Qazlal
Ru
Sif Muna
Trog
Uskayaw
Vehumet
Wu Jian
Xom
Yredelemnul
Zin
The Shining One

Shops:
D:6 (((}   D:8 }


Innate Abilities, Weirdness & Mutations

You cannot be hasted, slowed, berserked, paralysed or teleported.
You can dig through walls and to a lower floor.
Your four strong arms can wield two-handed weapons with a shield.
You have a pair of large antennae on your head. (SInv)


Message History

The orc wizard hits the plant but does no damage.
The orc closely misses you.
The two-headed ogre hits you but does no damage. x2
There is a stone staircase leading up, spattered with blood here.
You climb upwards.
There is a stone staircase leading down, spattered with blood here.
Unknown command.
You hit the two-headed ogre but do no damage.
The two-headed ogre hits you with a giant club!
* * * LOW HITPOINT WARNING * * *
The two-headed ogre hits you with a giant spiked club!
* * * LOW HITPOINT WARNING * * *
You feel better.
The two-headed ogre hits you with a giant club!
* * * LOW HITPOINT WARNING * * *
You block the two-headed ogre's attack.
You feel agile all of a sudden.
You feel better.
The two-headed ogre hits you with a giant club!!
You die...

#...........#
#######...........###############
.................................
.[...............................
.................................
.................................
.................................
.....#####.....÷.O...............
....?######.....@÷...............
#######.####......###############
#..####.....# #...#######.#
###....######.# ##.#..#......#.#
#._..#######.'.# ##.#..#......#.#
###....######.#


You could see a two-headed ogre.

Vanquished Creatures
  A gargoyle (D:10)
  A troll (D:10)
  3 hippogriffs
  2 wyverns
  2 basilisks (D:9)
  3 porcupines
  2 orc warriors
  2 black bears
  An ice beast (D:9)
  3 wolves
  A centaur (D:5)
  2 ogres
  A crocodile (D:10)
  4 big kobolds
  Blork the orc (D:4)
  2 bullfrogs (D:8)
  4 scorpions
  6 killer bees (D:8)
  A howler monkey (D:8)
  3 crimson imps
  2 centaur zombies
  6 hounds
  2 centaur skeletons
  4 orc priests
  9 orc wizards
  A gnoll shaman (D:4)
  3 iguanas
  4 worker ants
  6 big kobold zombies (Ossuary)
  A hound zombie (D:8)
  A hound skeleton (D:6)
  A mummy (Ossuary)
  2 worker ant zombies
  A howler monkey skeleton (D:7)
  4 gnolls (D:4)
  10 adders
  2 shadow imps
  2 oozes
  2 adder zombies
  A worm (D:2)
  3 dart slugs
  10 leopard geckos
  28 orcs
  A ball python (D:3)
  12 giant cockroaches
  6 gnoll zombies (Ossuary)
  9 goblins
  13 hobgoblins
  13 jackals
  3 quokkas
  14 bats
  3 bat simulacra (Ossuary)
  4 frilled lizards
  3 goblin simulacra (Ossuary)
  A goblin zombie (Ossuary)
  4 hobgoblin zombies (Ossuary)
  27 kobolds
  3 kobold simulacra (Ossuary)
  8 kobold zombies (Ossuary)
  A leopard gecko skeleton (D:7)
  5 orc zombies (Ossuary)
  10 rats
  4 rat simulacra (Ossuary)
  4 spectral goblins (Ossuary)
  5 spectral kobolds (Ossuary)
  A spectral orc (D:4)
  5 spectral rats (Ossuary)
309 creatures vanquished.

Vanquished Creatures (others)
  A plant (D:10)
1 creature vanquished.

Grand Total: 310 creatures vanquished

Notes
Turn   | Place    | Note
-------+----------+-------------------------------------------
     0 | D:1      | xccam the Formicid Fighter began the quest for the Orb.
     0 | D:1      | Reached XP level 1. HP: 18/18 MP: 1/1
    68 | D:1      | Reached XP level 2. HP: 24/24 MP: 2/2
   277 | D:1      | Reached skill level 3 in Long Blades
   369 | D:1      | Reached XP level 3. HP: 29/29 MP: 3/3
   872 | D:2      | Reached skill level 4 in Long Blades
   872 | D:2      | Reached XP level 4. HP: 35/35 MP: 4/4
   929 | D:2      | Found an iron altar of Okawaru.
  1707 | D:3      | Reached XP level 5. HP: 41/41 MP: 5/5
  1816 | D:3      | Reached skill level 5 in Long Blades
  1908 | D:3      | Found a deep blue altar of Sif Muna.
  2142 | D:4      | Reached XP level 6. HP: 8/47 MP: 6/6
  2406 | D:3      | Reached skill level 6 in Long Blades
  2523 | D:4      | Reached XP level 7. HP: 24/52 MP: 7/7
  2545 | D:4      | Found a sand-covered staircase.
  2552 | Ossuary  | Entered an ossuary
  2748 | Ossuary  | Reached skill level 7 in Long Blades
  3374 | D:4      | Reached skill level 8 in Long Blades
  3555 | D:4      | Noticed Blork the orc
  3565 | D:4      | Killed Blork the orc
  3794 | D:4      | Found a basalt altar of Yredelemnul.
  3932 | D:5      | Entered Level 5 of the Dungeon
  3953 | D:5      | Reached XP level 8. HP: 41/58 MP: 8/8
  3971 | D:5      | Found a burning altar of Makhleb.
  3991 | D:5      | Reached skill level 5 in Shields
  4026 | D:5      | Found a staircase to the Ecumenical Temple.
  4064 | D:5      | Found a glowing drain.
  4090 | Sewer    | Entered a sewer
  4521 | Temple   | Entered the Ecumenical Temple
  4547 | Temple   | Became a worshipper of Cheibriados the Contemplative
  4909 | D:5      | Found an ancient bone altar of Kikubaaqudgha.
  5121 | D:6      | Reached skill level 5 in Armour
  5129 | D:6      | Found Deojytz's Weapon Shop.
  5132 | D:6      | Noticed a wyvern
  5144 | D:6      | Killed a wyvern
  5148 | D:6      | Found Kedgh's Gadget Emporium.
  5171 | D:6      | Found a shimmering altar of Xom.
  5172 | D:6      | Found a shimmering altar of Xom.
  5173 | D:6      | Found a shimmering altar of Xom.
  5173 | D:6      | Found a shimmering altar of Xom.
  5174 | D:6      | Found a shimmering altar of Xom.
  5174 | D:6      | Found a shimmering altar of Xom.
  5307 | D:6      | Reached * piety under Cheibriados
  5307 | D:6      | Reached XP level 9. HP: 60/64 MP: 9/9
  5627 | D:6      | Found Touqoff's Antique Weapon Shoppe.
  5639 | D:6      | Found Buta's Antique Weapon Shop.
  5838 | D:7      | Noticed a hippogriff
  5853 | D:7      | Killed a hippogriff
  5901 | D:7      | Found an ornate altar of the Wu Jian Council.
  5983 | D:7      | Reached ** piety under Cheibriados
  6119 | D:7      | Noticed a hippogriff
  6139 | D:7      | Killed a hippogriff
  6916 | D:8      | Reached skill level 1 in Dodging
  6989 | D:8      | Found a shadowy altar of Dithmenos.
  7100 | D:8      | Found Oskum's Gadget Shop.
  7108 | D:8      | Reached *** piety under Cheibriados
  7140 | D:8      | Reached XP level 10. HP: 39/71 MP: 10/10
  7303 | D:8      | Reached skill level 9 in Long Blades
  7605 | D:8      | Found a blossoming altar of Fedhas.
  7949 | D:9      | Reached **** piety under Cheibriados
  8128 | D:9      | Found a sparkling altar of Nemelex Xobeh.
  8187 | D:9      | Found a hide-covered altar of Uskayaw.
  8238 | D:9      | Found a glowing golden altar of the Shining One.
  8302 | D:9      | Found an opulent altar of Gozag.
  8338 | D:10     | Entered Level 10 of the Dungeon
  8350 | D:10     | Found a staircase to the Lair.
  8351 | D:10     | Noticed a gargoyle
  8368 | D:9      | Reached skill level 5 in Fighting
  8699 | D:10     | Killed a gargoyle
  8752 | D:10     | Reached skill level 10 in Long Blades
  8763 | D:10     | Noticed a two-headed ogre
  8777 | D:9      | HP: 1/76 [two-headed ogre/giant club (11)]
  8779 | D:9      | Mangled by a two-headed ogre

Vault maps used:
D:1:      dpeg_arrival_chase, serial_forest, infiniplex_forest_lined_1,
          infiniplex_forest_lined_2, infiniplex_forest_straight_4,
          infiniplex_forest_clump_cross, minivault_27, grunt_decor_mini_mirrors,
          item_on_display_a
D:2:      nicolae_overflow_crystal_walls, serial_bayou, serial_bayou_crossing,
          serial_bayou_shore_a, serial_bayou_lake_a, serial_bayou_lagoon_a
D:3:      old_standard_altar
D:4:      yredelemnul_forgotten_temple_becter, first_ration,
          lightli_ossuary_entry_decrepit_ruins, kennysheep_boxes,
          uniq_blork_the_orc
D:5:      kiku_gazebo_garden_becter, minmay_temple_entry_crystal_x,
          portal_sewer_entry_f, makhleb_heckhound_becter
D:6:      xom_redecorated, serial_shops,
          nicolae_shop_temple_entry_statues_fountains, nicolae_shop_stone,
          nicolae_shop_stone, nicolae_shop_crystal
D:7:      kennysheep_mini_moat
D:8:      fedhas_altar_3, grunt_dithmenos_smoke_and_mirrors, serial_shops, shop
D:9:      lemuel_crystal_altar, nicolae_tso_swordbearing_angel,
          lemuel_coloured_pillars_altar, nemelex_xobeh_ov_fountains_minmay
D:10:     minmay_lair_entry_grove, serial_shops, shop, shop, kennysheep_mini,
          shop, grunt_livestock
Temple:   chequers_temple_sunken
Sewer:    sewer_fruit_machine
Ossuary:  ossuary_zaba_two_paths

Skill      XL: |  1  2  3  4  5  6  7  8  9 10 |
---------------+-------------------------------+-----
Long Blades    | 3 4 5 6 8 10 | 10.0
Shields        | 4 7 9 |  9.0
Armour         | 5 8 9 |  9.2
Dodging        | 1 3 |  3.6
Fighting       | 5 |  5.7

Action                   |  1- 3 |  4- 6 |  7- 9 | 10-12 || total
-------------------------+-------+-------+-------+-------++-------
Melee: Long sword        |    85 |   225 |   757 |    43 ||  1110
       Scimitar          |       |       |       |   163 ||   163
Invok: Bend Time         |       |       |     1 |       ||     1
  Use: Potion            |       |     1 |     3 |     5 ||     9
       Scroll            |       |       |    11 |     6 ||    17
 Stab: Distracted        |       |       |     1 |       ||     1
  Eat: Chunk             |       |     4 |     9 |     3 ||    16
       Ration            |       |     1 |     1 |       ||     2
Armor: Scale mail        |    27 |   113 |   263 |       ||   403
       Plate armour      |       |       |    63 |   135 ||   198
Dodge: Dodged            |    12 |    64 |   209 |    86 ||   371
Block: Shield            |    40 |   125 |   421 |   155 ||   741
       Rpst.: Long sword |     4 |    22 |    64 |     3 ||    93
       Scimitar          |       |       |       |    19 ||    19

Table legend:
 A = Spawn XP
 B = Non-spawn XP
 C = Spawn XP percentage of total XP
 D = Spawn monster count
 E = Non-spawn monster count
 F = Spawn count percentage of total count
 G = Total turns spent on level
                    A         B        C        D         E        F      G
               +---------+---------+-------+---------+---------+-------+---------
         Total |       0 |    7679 |   0.0 |       0 |     309 |   0.0 |  8779
               +---------+---------+-------+---------+---------+-------+---------
           D:1 |       0 |      50 |   0.0 |       0 |      23 |   0.0 |   696
           D:2 |       0 |      58 |   0.0 |       0 |      25 |   0.0 |   931
           D:3 |       0 |     131 |   0.0 |       0 |      31 |   0.0 |   780
           D:4 |       0 |     513 |   0.0 |       0 |      23 |   0.0 |   753
           D:5 |       0 |     527 |   0.0 |       0 |      18 |   0.0 |   722
           D:6 |       0 |     633 |   0.0 |       0 |      17 |   0.0 |   748
           D:7 |       0 |    1076 |   0.0 |       0 |      24 |   0.0 |   929
           D:8 |       0 |    1522 |   0.0 |       0 |      41 |   0.0 |  1146
           D:9 |       0 |    1306 |   0.0 |       0 |      23 |   0.0 |   762
          D:10 |       0 |    1603 |   0.0 |       0 |      11 |   0.0 |   110
         Sewer |       0 |      30 |   0.0 |       0 |      15 |   0.0 |   377
       Ossuary |       0 |     230 |   0.0 |       0 |      58 |   0.0 |   772
               +---------+---------+-------+---------+---------+-------+---------
